 Dungeon Crawl Stone Soup version 0.25-a0-632-g7713895373 (webtiles) character file.

Game seed: 2953567394905866748, levelgen mode: deterministic

18 51387 the Grave Robber (level 2, -4/19 HPs)
             Began as a Vampire Necromancer on Mar 19, 2020.
             Slain by a gnoll
             ... wielding a +0 whip
              (10 damage)
             ... on level 1 of the Dungeon.
             The game lasted 00:04:20 (498 turns).

51387 the Grave Robber (Vampire Necromancer)         Turns: 498, Time: 00:04:21

Health: -4/19      AC:  2    Str:  7    XL:     2   Next: 51%
Magic:  1/5        EV: 13    Int: 17    God:
Gold:   52         SH:  0    Dex: 14    Spells: 3/5 levels left

rFire    . . .     SeeInvis +   c - +0 dagger
rCold    . . .     Gourm    .   (no shield)
rNeg     . . .     Faith    .   a - +0 robe
rPois    .         Spirit   .   (no helmet)
rElec    .         Reflect  .   (no cloak)
rCorr    .         Harm     .   (no gloves)
MR       .....                  (no boots)
Stlth    ++........             (no amulet)
HPRegen  0.26/turn              (no ring)
MPRegen  0.09/turn              (no ring)

@: regenerating quickly
A: no food, fangs 3, see invisible, unbreathing
a: Exsanguinate


You were on level 1 of the Dungeon.
You were alive.

You visited 1 branch of the dungeon, and saw 1 of its levels.

You collected 52 gold pieces.

Inventory:

Hand Weapons
 c - a +0 dagger (weapon)
Missiles
 b - 19 bolts
Armour
 a - a +0 robe (worn)
Scrolls
 d - a scroll of fog {unknown}
Potions
 e - a potion of cancellation {unknown}
 f - a potion of degeneration {unknown}
 g - a potion of invisibility {unknown}


   Skills:
 + Level 2.3 Dodging
 + Level 3.0 Stealth
 + Level 2.2 Spellcasting
 + Level 5.0 Necromancy


You had 3 spell levels left.
You knew the following spells:

 Your Spells              Type           Power        Failure   Level  Hunger
a - Pain                  Necr           ###.         2%          1    N/A
b - Animate Skeleton      Necr           N/A          2%          1    N/A

Your spell library contained the following spells:

 Spells                   Type           Power        Failure   Level  Hunger
 Vampiric Draining        Necr           ###.......   8%          3    N/A
 Animate Dead             Necr           N/A          24%         4    N/A
 Agony                    Necr           ###.....     56%         5    N/A

Dungeon Overview and Level Annotations

Branches:
Dungeon (1/15)

Altars:


Innate Abilities, Weirdness & Mutations

You do not eat.
Your natural rate of healing is unusually fast.
You have razor-sharp teeth.
You have supernaturally acute eyesight. (SInv)
You can survive without breathing.


Message History

A kobold comes into view.
It is wielding a +1 short sword of freezing.
Casting: Pain (safe; 2% risk of failure)
Confirm with . or Enter, or press ? or * to list all spells.
Aiming: Pain (safe; 2% risk of failure)
Press: ? - help, Shift-Dir - straight line, f/p - gnoll
Aim: a gnoll, wielding a +0 whip (lightly wounded, chance to defeat MR: 84%)
The bat writhes in agony!
You kill the bat!
Your Necromancy skill increases to level 5!
You hit the gnoll.
The gnoll is lightly wounded.
The gnoll hits you with a +0 whip!
Casting: Pain (safe; 2% risk of failure)
Confirm with . or Enter, or press ? or * to list all spells.
Aiming: Pain (safe; 2% risk of failure)
Press: ? - help, Shift-Dir - straight line, f/p - gnoll
Aim: a gnoll, wielding a +0 whip (lightly wounded, chance to defeat MR: 84%)
The gnoll writhes in agony.
The gnoll hits you with a +0 whip!
Ouch! That really hurt!
You die...

#.......#######.# #........
#######..>.......................
...........†.....###.. ##........
....###.......###....# #........
.....########## #.####
...#.....########.#
########........#†# ########...#
#..@## #.#.g....# .....K......
##.#########. .. ... ###


You could see a gnoll and a kobold.

Vanquished Creatures
  3 giant cockroaches (D:1)
  A hobgoblin (D:1)
  7 kobolds (D:1)
  A ball python (D:1)
  4 bats (D:1)
  2 goblins (D:1)
  A rat (D:1)
19 creatures vanquished.

Notes
Turn   | Place    | Note
-------+----------+-------------------------------------------
     0 | D:1      | 51387 the Vampire Necromancer began the quest for the Orb.
     0 | D:1      | Reached XP level 1. HP: 13/13 MP: 3/3
     5 | D:1      | Learned a level 1 spell: Animate Skeleton
   287 | D:1      | Reached XP level 2. HP: 19/19 MP: 1/5
   496 | D:1      | Reached skill level 5 in Necromancy
   498 | D:1      | Slain by a gnoll

Levels and vault maps discovered:
D:1:      dpeg_arrival_erosion, layout_rooms, minmay_vboxes

Skill      XL: |  1  2 |
---------------+-------+-----
Necromancy     | 5 |  5.0
Dodging        | |  2.3
Stealth        | |  3.0
Spellcasting   | |  2.2

Action                   || total
-------------------------++-------
Melee: Dagger            ||    34
       Bite              ||     6
 Cast: Pain              ||    19
       Animate Skeleton  ||     2
Armor: Robe              ||    11
Dodge: Dodged            ||    28

Table legend:
 A = Non-vault XP
 B = Vault XP
 C = Vault XP percentage of total XP
 D = Non-vault monster count
 E = Vault monster count
 F = Vault count percentage of total count
                 A         B        C        D         E       F
            +---------+---------+-------+---------+---------+-------
      Total |      20 |       7 |  25.9 |      14 |       5 |  26.3
            +---------+---------+-------+---------+---------+-------
        D:1 |      20 |       7 |  25.9 |      14 |       5 |  26.3
            +---------+---------+-------+---------+---------+-------
